 Dungeon Crawl Stone Soup version 0.31-a0-174-g85c54bcb58 (webtiles) character file.

Game seed: 7437205853333956713

1719 jasper the Geomancer (level 8, 0/40 HPs)
             Began as a Spriggan Earth Elementalist on June 15, 2023.
             Was a Follower of Kikubaaqudgha.
             Succumbed to a water moccasin's poison
             ... on level 5 of the Dungeon.
             The game lasted 00:08:49 (5629 turns).

jasper the Geomancer (Spriggan Earth Elementalist)  Turns: 5629, Time: 00:08:50

Health: 0/40       AC:  6    Str:  4    XL:     8   Next: 75%
Magic:  4/13       EV: 16    Int: 19    God:    Kikubaaqudgha [*.....]
Gold:   272        SH:  6    Dex: 15    Spells: 5/13 levels left

rFire   + . .        g - +1 war axe (elec)
rCold   . . .        e - +1 buckler
rNeg    . . .        a - +0 robe
rPois   .            (helmet restricted)
rElec   .            (no cloak)
rCorr   .            (gloves unavailable)
SInv    +            (boots unavailable)
Will    +....        (no amulet)
Stlth   +++          q - ring of protection from fire
HPRegen 0.26/turn    j - +4 ring of protection
MPRegen 0.13/turn

%: no passive effects
@: lethally poisoned (0 -> -19), very quick
A: very small, no large weapons, unfitting armour, see invisible, speed 3
a: Renounce Religion, Unearth Wretches


You were on level 5 of the Dungeon.
You worshipped Kikubaaqudgha.
Kikubaaqudgha was aware of your devotion.
You visited 2 branches of the dungeon, and saw 7 of its levels.

You collected 272 gold pieces.

Inventory:

Hand Weapons
 g - a +1 war axe of electrocution (weapon)
Missiles
 h - 8 poisoned darts
 r - a throwing net
 B - 6 curare-tipped darts
Armour
 a - a +0 robe (worn)
 e - a +1 buckler (worn)
Magical Staves
 o - a staff of death
Jewellery
 c - a ring of wizardry
 j - a +4 ring of protection (right hand)
 k - a ring of fire
 q - a ring of protection from fire (left hand)
 u - a ring of magical power
 y - a ring of positive energy
 z - a ring of magical power
Scrolls
 f - 9 scrolls of teleportation
 x - 2 scrolls of blinking
Potions
 b - 4 potions of magic
 d - a potion of invisibility
 i - 3 potions of degeneration
 l - a potion of might
 m - 2 potions of mutation
 s - 2 potions of curing
 t - a potion of brilliance {unknown}
 v - 3 potions of heal wounds {unknown}
 A - a potion of resistance {unknown}


   Skills:
 - Level 3.0 Fighting
 - Level 2.6 Dodging
 - Level 4.0 Stealth
 - Level 4.4 Shields
 - Level 3.0 Spellcasting
 - Level 1.3 Transmutations
 + Level 8.2 Earth Magic


You had 5 spell levels left.
You knew the following spells:

 Your Spells              Type           Power      Damage    Failure   Level
a - Sandblast             Erth           68%        2d15      1%          1
b - Passwall              Tmut/Erth      17%        N/A       6%          2
c - Stone Arrow           Conj/Erth      36%        3d9       16%         3
d - Sublimation of Blood  Necr           2%         N/A       38%         2

Your spell library contained the following spells:

 Spells                   Type           Power      Damage    Failure   Level
 Foxfire                  Conj/Fire      8%         2x1d4     26%         1
 Kiss of Death            Conj/Necr      8%         2d6       26%         1
 Necrotise                Necr           8%         1d4       26%         1
 Petrify                  Tmut/Erth      21%        N/A       36%         4
 Portal Projectile        Hex/Tloc       4%         N/A       63%         3
 Tukima's Dance           Hex            2%         N/A       63%         3
 Vampiric Draining        Necr           2%         2d6       63%         3
 Anguish                  Hex/Necr       1%         N/A       95%         4
 Cause Fear               Hex            1%         N/A       95%         4
 Blade Hands              Tmut           4%         N/A       99%         5
 Agony                    Necr           2%         N/A       100%        5
 Fireball                 Conj/Fire      1%         3d3       100%        5
 Plasma Beam              Fire/Air       1%         2x1d11    100%        6
 Starburst                Conj/Fire      1%         6d3       100%        6
 Enfeeble                 Hex            1%         N/A       100%        7
 Chain Lightning          Conj/Air       1%         3d1       100%        9
 Fire Storm               Conj/Fire      1%         7d1       100%        9
 Shatter                  Erth           17%        3d16*     100%        9


Dungeon Overview and Level Annotations

Branches:
Dungeon (6/15)             Temple (1/1) D:4

Altars:
Cheibriados
Dithmenos
Kikubaaqudgha
Makhleb
Okawaru
Qazlal
Ru
Sif Muna
Trog
Vehumet
Xom
Zin
The Shining One


Innate Abilities, Weirdness & Mutations

You are very small and have problems with some larger weapons.
You are too small for most types of armour.
You have supernaturally acute eyesight. (SInv)
You cover ground extremely quickly. (Speed+++)


Message History

The wyvern barely misses you. You block the water moccasin's attack.
You block the wyvern's attack. You block the water moccasin's attack.
You now have 7/13 mp.
Aiming: Sandblast (safe; 1% risk of failure)
Press: ? - help, Q - select action, (/) - cycle Shift-Dir - straight line, f/p - wyvern
Aim: a wyvern (heavily wounded, 84% to hit)
The blast of sand misses the wyvern.
The wyvern misses you. The water moccasin barely misses you.
You block the wyvern's attack. The water moccasin closely misses you.
The wyvern closely misses you.
You now have 6/13 mp.
Aiming: Sandblast (safe; 1% risk of failure)
Press: ? - help, Q - select action, (/) - cycle Shift-Dir - straight line, f/p - wyvern
Aim: a wyvern (heavily wounded, 84% to hit)
The blast of sand hits the wyvern!
You kill the wyvern!
Kikubaaqudgha accepts your kill. The water moccasin bites you.
You are poisoned.
The water moccasin poisons you! You block the water moccasin's attack.
The water moccasin bites you but does no damage.
Your Earth Magic skill increases to level 8!
You take 3 damage, and have 18/40 hp.
Aiming: Sandblast (safe; 1% risk of failure)
Press: ? - help, Q - select action, (/) - cycle Shift-Dir - straight line, f - water moccasin
Aim: a water moccasin (heavily wounded, 73% to hit)
The blast of sand hits the water moccasin!
The water moccasin is almost dead.
You feel very sick. You block the water moccasin's attack.
The water moccasin bites you!
* * * LOW HITPOINT WARNING * * *
You are more poisoned.
The water moccasin poisons you!
You take 12 damage, and have 6/40 hp.
MASSIVE DAMAGE!!
You now have 5/13 mp.
Aiming: Sandblast (safe; 1% risk of failure)
Press: ? - help, Q - select action, (/) - cycle Shift-Dir - straight line, f/p - water moccasin
Aim: a water moccasin (almost dead, 73% to hit)
The blast of sand misses the water moccasin.
You die...
Kikubaaqudgha rasps: "You have failed me!
Welcome... death!"

###.#.........##..#....#....#...#
..................+..............
###.#.........##.##....####.#....
..........<...##.####..# #.#...#
..........[#..##.####..# #.#...#
.............รท.........# #.#...#
##....#...##..##.####.## #.#....
......#...##..##.# #.# #.#...#
##(..##...##..##@# #.#####.#..##
..........##..##S####.##.........
.....##...##..........##.##.#..##
###..##...###.##.#######'##....##
#..............###.#...........
###.###...######..##.#....#......
.............# #..##.#....#.#..##
###.###...#..# #..##.#....#.#....
.......#..#..###..##.#....#.#.##.


You could see a water moccasin.

Vanquished Creatures
  Sigmund (D:2)
  A wyvern (D:5)
  3 water moccasins
  An ice beast (D:4)
  An ogre (D:5)
  A centaur (D:6)
  A phantom (D:4)
  A scorpion (D:6)
  A howler monkey (D:5)
  2 hounds
  A jelly (D:5)
  3 orc priests
  Natasha (D:3)
  5 iguanas
  Robin (D:3)
  10 adders
  9 gnolls
  An ufetubus (D:6)
  A worm (D:2)
  6 dart slugs
  11 orcs
  7 endoplasms
  5 giant cockroaches
  12 goblins
  10 hobgoblins
  16 jackals
  A quokka (D:1)
  6 ball pythons
  5 bats
  6 frilled lizards
  7 kobolds
  5 rats
142 creatures vanquished.

Notes
Turn   | Place    | Note
-------+----------+-------------------------------------------
     0 | D:1      | jasper the Spriggan Earth Elementalist began the quest for
                  | the Orb.
     0 | D:1      | Reached XP level 1. HP: 9/9 MP: 5/5
   202 | D:1      | Reached XP level 2. HP: 14/14 MP: 4/7
   223 | D:1      | Reached skill level 1 in Fighting
   575 | D:1      | Reached XP level 3. HP: 18/18 MP: 6/8
   578 | D:1      | Learned a level 2 spell: Passwall
  1244 | D:2      | Reached XP level 4. HP: 19/23 MP: 4/9
  1261 | D:2      | Noticed Sigmund
  1411 | D:2      | Killed Sigmund
  1412 | D:2      | Reached XP level 5. HP: 28/28 MP: 3/10
  1871 | D:2      | Reached XP level 6. HP: 32/32 MP: 9/11
  1875 | D:2      | Learned a level 3 spell: Stone Arrow
  2276 | D:3      | Found a radiant altar of Vehumet.
  2276 | D:3      | Noticed Robin
  2280 | D:3      | Killed Robin
  2638 | D:3      | Noticed Natasha
  2662 | D:3      | Killed Natasha
  2899 | D:3      | Found a glowing golden altar of the Shining One.
  3090 | D:4      | Noticed a water moccasin
  3353 | D:4      | Reached XP level 7. HP: 36/36 MP: 7/12
  3514 | D:4      | Reached skill level 3 in Earth Magic
  3763 | D:4      | Reached skill level 4 in Earth Magic
  4018 | D:4      | Found a staircase to the Ecumenical Temple.
  4028 | Temple   | Entered the Ecumenical Temple
  4091 | Temple   | Became a worshipper of Kikubaaqudgha
  4241 | D:5      | Entered Level 5 of the Dungeon
  4424 | D:5      | Reached skill level 5 in Earth Magic
  4560 | D:5      | Reached XP level 8. HP: 40/40 MP: 10/13
  4695 | D:5      | Reached skill level 6 in Earth Magic
  5451 | D:6      | Reached * piety under Kikubaaqudgha
  5451 | D:6      | Received a gift from Kikubaaqudgha
  5458 | D:6      | Learned a level 2 spell: Sublimation of Blood
  5519 | D:6      | Reached skill level 7 in Earth Magic
  5628 | D:5      | Reached skill level 8 in Earth Magic
  5629 | D:5      | Succumbed to a water moccasin's poison

Illustrated notes

Levels and vault maps discovered:
D:1:      erik_arrival_cave_to_civilisation [erik_arrival_cave_to_hall],
          layout_basic, minmay_small_reverse_x
D:2:      layout_basic, uniq_sigmund
D:3:      layout_basic, mainiacjoe_overflow_cross_hatched,
          mainiacjoe_overflow_surrounded_room, uniq_robin, uniq_natasha
D:4:      layout_loops_ring, minmay_temple_entry_antechambers,
          minmay_misc_feat_pillars
D:5:      layout_basic, nicolae_kite_square_tiling_tiny
D:6:      layout_rooms, corner_web_ring, nicolae_stop_n_shop_2,
          supply_closet_lemuel
Temple:   mainiacjoe_temple_bowtie_tessellation

Skill      XL: |  1  2  3  4  5  6  7  8 |
---------------+-------------------------+-----
Spellcasting   | 3 |  3.0
Fighting       | 1 2 3 |  3.0
Stealth        | 4 |  4.0
Shields        | 2 4 |  4.4
Earth Magic    | 5 8 |  8.2
Dodging        | |  2.6
Transmutations | |  1.3

Action                     |  1- 3 |  4- 6 |  7- 9 || total
---------------------------+-------+-------+-------++-------
  Melee: War axe           |    13 |     6 |     1 ||    20
  Throw: Dart              |       |     1 |       ||     1
   Cast: Sandblast         |    62 |   128 |   120 ||   310
    Use: Scroll            |     5 |       |     9 ||    14
 Armour: Robe              |     1 |    24 |    12 ||    37
  Dodge: Dodged            |    40 |    63 |    52 ||   155
  Block: Buckler           |       |    12 |    25 ||    37

Table legend: (Time is in decaauts)
 A = Elapsed time spent in this place.
 B = Non-inter-level travel time spent in this place.
 C = Inter-level travel time spent in this place.
 D = Time resting spent in this place.
 E = Time spent auto-exploring this place.
 F = Levels seen in this place.
 G = Mean time per level.
                   A        B        C        D        E       F      G
               +--------+--------+--------+--------+--------+-----+--------+
         Total |   4567 |   4489 |     78 |    230 |   3311 |   7 |  652.4 |
       Dungeon |   4502 |   4446 |     56 |    230 |   3277 |   6 |  750.3 |
        Temple |     64 |     42 |     22 |      0 |     33 |   1 |   64.0 |
               +--------+--------+--------+--------+--------+-----+--------+

Top non-repeatable levels by time:
     D:1: 1023 daAuts
     D:5: 911 daAuts
     D:4: 836 daAuts
     D:2: 795 daAuts
     D:3: 751 daAuts
     D:6: 183 daAuts
  Temple: 64 daAuts
